 Dungeon Crawl Stone Soup version 0.24-a0-205-g1d96822 (webtiles) character file.

Game seed: 16318509377463153367

12267 Ijustatesigmund the Basher (level 11, -2/77 HPs)
             Began as an Octopode Monk on Mar 28, 2019.
             Was a Priest of Cheibriados.
             Shot with an arrow by a centaur (10 damage)
             ... led by a centaur warrior
             ... on level 11 of the Dungeon.
             The game lasted 00:38:58 (15848 turns).

Ijustatesigmund the Basher (Octopode Monk)         Turns: 15848, Time: 00:38:58

Health: -2/77      AC:  3    Str: 19    XL:     11   Next: 90%
Magic:  14/14      EV: 19    Int: 21    God:    Cheibriados [***...]
Gold:   868        SH: 17    Dex: 27    Spells: 10/10 levels left

rFire    . . .     SeeInvis +   G - +1 flail (protect)
rCold    . . .     Gourm    .   e - +0 shield
rNeg     . . .     Faith    .   x - +2 hat
rPois    .         Spirit   .   q - +4 amulet of reflection
rElec    .         Reflect  +   f - ring of see invisible
rCorr    +         Harm     .   u - +2 ring of dexterity
MR       .....     Rnd*Rage +   B - ring of wizardry
Stlth    +++++.....             D - ring of resist corrosion
HPRegen  0.22/turn              (no ring)
MPRegen  0.14/turn              (no ring)
                                (no ring)
                                (no ring)

@: studying Fire Magic, very slow
A: almost no armour, stealthy swim, amphibious, 8 rings, constrict 8, camouflage
1, berserk 1, low mp 1, gelatinous body 1, no potion heal 1, MP-powered wands
a: Bend Time, Temporal Distortion, Renounce Religion


You were on level 11 of the Dungeon.
You worshipped Cheibriados.
Cheibriados was most pleased with you.
You were not hungry.

You visited 3 branches of the dungeon, and saw 13 of its levels.
You also visited: Sewer.

You collected 868 gold pieces.

Inventory:

Hand Weapons
 a - a +3 flail
 G - a +1 flail of protection (weapon)
Missiles
 z - 10 javelins (quivered)
Armour
 e - a +0 shield (worn)
 x - a +2 hat (worn)
Jewellery
 f - a ring of see invisible (left tentacle)
 k - an uncursed amulet of the acrobat
 q - a +4 amulet of reflection (around mantle)
 r - an uncursed ring of fire
 u - a +2 ring of dexterity (right tentacle)
 B - a ring of wizardry (on tentacle)
 D - a ring of resist corrosion (on tentacle)
Wands
 t - a wand of digging (4)
 y - a wand of acid (11)
 A - a wand of iceblast (5)
Scrolls
 c - 3 scrolls of immolation
 g - a scroll of magic mapping
 n - 2 scrolls of fog
 o - 4 scrolls of remove curse
 w - 3 scrolls of amnesia
 E - a scroll of teleportation
Potions
 d - 2 potions of magic
 h - 2 potions of flight
 i - a potion of curing
 j - a potion of lignification
 l - 2 potions of invisibility
 m - 2 potions of agility
 v - a potion of resistance
 C - a potion of heal wounds
 F - a potion of brilliance
Books
 p - a manual of Fire Magic
Comestibles
 b - 17 rations


   Skills:
 - Level 7.8 Fighting
 + Level 10.7 Maces & Flails
 - Level 7.1 Dodging
 - Level 5.8 Stealth
 - Level 9.3 Shields
 + Level 6.1 Invocations
 - Level 4.9 Evocations


You had 10 spell levels left.
You didn't know any spells.
Your spell library contained the following spells:

 Spells                   Type           Power        Failure   Level  Hunger
 Animate Skeleton         Necr           N/A          16%         1    ##.....
 Pain                     Necr           #...         16%         1    ##.....
 Regeneration             Chrm/Necr      #.........   38%         3    ####...
 Vampiric Draining        Necr           #.........   38%         3    ####...
 Animate Dead             Necr           N/A          78%         4    #####..


Dungeon Overview and Level Annotations

Branches:
Dungeon (11/15)            Temple (1/1) D:6            Lair (1/6) D:9
    Orc: D:9-12

Altars:
Ashenzari
Cheibriados
Dithmenos
Elyvilon
Fedhas
Gozag
Hepliaklqana
Kikubaaqudgha
Makhleb
Nemelex Xobeh
Okawaru
Qazlal
Ru
Sif Muna
Trog
Uskayaw
Vehumet
Wu Jian
Xom
Yredelemnul
Zin
The Shining One
Jiyva

Shops:
D:7 [

Annotations:
D:9 3 runed translucent doors
D:10 1 runed translucent door, kal9871's ghost, journeyman OgFE
Lair:1 3 runed translucent doors, confidenceinterval's ghost, journeyman HOFi


Innate Abilities, Weirdness & Mutations

You cannot wear most types of armour.
You are very stealthy in the water. (Stealth+)
You are amphibious.
You can wear up to eight rings at the same time.
You can use your tentacles to constrict eight enemies at once.
Your skin changes colour to match your surroundings (Stealth+).
Your rubbery body absorbs attacks. (AC +1, EV +1)
You tend to lose your temper in combat.
Your magical capacity is low. (-10% MP)
Potions are less effective at restoring your health.
You expend magic power (3 MP) to strengthen your wands.


Message History

The arrow hits the centaur!
The centaur warrior shoots an arrow.
The arrow completely misses you.
A centaur comes into view.
The centaur warrior shoots an arrow.
The arrow barely misses you.
The centaur shoots an arrow.
The arrow barely misses you.
The centaur shoots an arrow.
The arrow closely misses you.
There is an escape hatch in the floor here.
You see here an arrow.
The centaur shoots an arrow.
You reflect the arrow off an invisible shield around you!
The arrow hits the centaur!
The centaur wields a +0 shortbow.
The centaur shoots an arrow.
The arrow barely misses you.
The centaur warrior shoots an arrow.
The arrow hits you!!
* * * LOW HITPOINT WARNING * * *
The centaur shoots an arrow.
The arrow hits you.
* * * LOW HITPOINT WARNING * * *
The arrow burns you.
* * * LOW HITPOINT WARNING * * *
The centaur shoots an arrow.
The arrow hits you!
You die...

....### ####### ...... #....<.
C.)..# ##...<.. ).[..# #.......
H....# #### #...#### .o...# #...
##### #...##.. ...# #...###...#
###..[##.. <..# #####...##(.(#
#.....#...
...####....c....@.(#####.....#...
...........c...>.(...........[...
..........(c...)................#
...........cc....................
.........(.......................
....c......c..............(......
...c..|..........................
........>.(.....................<
...(#######...####........##[....


You could see a centaur warrior and 5 centaurs.

Vanquished Creatures
  Urug (D:10)
  A cyclops (D:11)
  A spiny frog (Lair:1)
  The ghost of bli the Ducker, an amateur DrFi of Ru (D:4)
  A troll (D:9)
  6 hippogriffs
  Grinder (D:5)
  3 blink frogs (Lair:1)
  12 yaks
  A wraith (D:10)
  Sigmund (D:3)
  2 hungry ghosts
  A steam dragon (D:8)
  2 water moccasins (Lair:1)
  2 porcupines (D:8)
  4 ice beasts
  4 sky beasts
  8 orc warriors
  A phantom (D:8)
  A black bear (D:8)
  7 ogres
  5 centaurs
  2 crocodiles
  7 bullfrogs
  5 big kobolds
  4 scorpions
  3 howler monkeys
  3 crimson imps
  2 bullfrog zombies
  A centaur zombie (D:10)
  2 quasits
  6 orc wizards
  3 hounds
  Crazy Yiuf (D:3)
  4 jellies
  8 orc priests
  6 bullfrog skeletons
  3 centaur skeletons
  Jessica (D:3)
  3 iguanas
  6 worker ants
  3 hound zombies
  3 hound skeletons
  A howler monkey zombie (D:7)
  8 gnolls
  14 adders
  4 shadow imps
  6 oozes
  2 adder skeletons
  7 worms
  2 dart slugs
  15 leopard geckos
  46 orcs
  4 bats
  12 giant cockroaches
  7 goblins
  7 hobgoblins
  8 jackals
  4 quokkas
  5 ball pythons
  A ball python skeleton (D:5)
  6 frilled lizards
  29 kobolds
  3 leopard gecko zombies
  A quokka skeleton (D:4)
  10 rats
344 creatures vanquished.

Vanquished Creatures (others)
  A centaur (D:9)
  30 fungi (D:9)
  10 plants
  2 withered plants (D:10)
43 creatures vanquished.

Grand Total: 387 creatures vanquished

Notes
Turn   | Place    | Note
-------+----------+-------------------------------------------
     0 | D:1      | Ijustatesigmund the Octopode Monk began the quest for the
                  | Orb.
     0 | D:1      | Reached XP level 1. HP: 16/16 MP: 1/1
   135 | D:1      | Reached XP level 2. HP: 20/21 MP: 2/2
   265 | D:1      | Reached skill level 1 in Shields
   289 | D:1      | Reached XP level 3. HP: 26/26 MP: 3/3
   761 | D:2      | Reached skill level 4 in Maces & Flails
   873 | D:2      | Reached XP level 4. HP: 31/31 MP: 4/4
  1306 | D:2      | Reached XP level 5. HP: 36/36 MP: 5/5
  1573 | D:2      | Found a shimmering altar of Xom.
  1725 | D:2      | Found a glowing silver altar of Zin.
  1725 | D:2      | Found an ancient bone altar of Kikubaaqudgha.
  1726 | D:2      | Found a sacrificial altar of Ru.
  1853 | D:3      | Noticed Jessica
  1864 | D:3      | Killed Jessica
  1865 | D:3      | HP: 1/36 [poisoned by an adder]
  1904 | D:3      | Found a glowing drain.
  1913 | Sewer    | Entered a sewer
  2037 | Sewer    | Noticed a big kobold
  2114 | Sewer    | Reached XP level 6. HP: 39/42 MP: 6/6
  2135 | Sewer    | Reached skill level 5 in Maces & Flails
  2717 | D:3      | Noticed Sigmund
  2726 | D:3      | Killed Sigmund
  2726 | D:3      | Reached XP level 7. HP: 35/48 MP: 7/7
  3181 | D:3      | Found an opulent altar of Gozag.
  3181 | D:3      | Found a sparkling altar of Nemelex Xobeh.
  3453 | D:3      | Found a runed translucent door.
  3454 | D:3      | Noticed Crazy Yiuf
  3464 | D:3      | Killed Crazy Yiuf
  4001 | D:4      | Found a basalt altar of Yredelemnul.
  4086 | D:4      | Found a runed translucent gate.
  4087 | D:4      | Found a runed translucent gate.
  4087 | D:4      | Found a runed translucent gate.
  4087 | D:4      | Found an opulent altar of Gozag.
  4089 | D:4      | Noticed bli's ghost (amateur DrFi)
  4414 | D:5      | Entered Level 5 of the Dungeon
  4427 | D:5      | Reached XP level 8. HP: 49/54 MP: 8/8
  4428 | D:5      | Found a hide-covered altar of Uskayaw.
  4584 | D:5      | Noticed Grinder
  4588 | D:5      | Reached skill level 5 in Stealth
  4592 | D:5      | Paralysed by Grinder for 7 turns
  4605 | D:5      | Killed Grinder
  4605 | D:5      | Reached skill level 6 in Maces & Flails
  4731 | D:5      | Found an ornate altar of the Wu Jian Council.
  4803 | D:5      | Reached skill level 5 in Fighting
  4803 | D:5      | Reached skill level 5 in Dodging
  5157 | D:5      | You fall through a shaft!
  5170 | D:6      | Found a glowing golden altar of the Shining One.
  5201 | D:6      | Reached skill level 5 in Shields
  5470 | D:5      | Noticed a hippogriff
  5485 | D:5      | Killed a hippogriff
  5485 | D:5      | Reached skill level 7 in Maces & Flails
  5485 | D:5      | Reached XP level 9. HP: 21/61 MP: 9/9
  6637 | D:6      | Found a staircase to the Ecumenical Temple.
  6654 | Temple   | Entered the Ecumenical Temple
  7001 | D:7      | Reached skill level 8 in Maces & Flails
  7081 | D:7      | Identified a scroll of acquirement
  7381 | D:7      | Found Wuholl's Antique Armour Shop.
  7557 | D:7      | Found a deep blue altar of Sif Muna.
  8157 | D:7      | Reached skill level 9 in Maces & Flails
  8157 | D:7      | Reached XP level 10. HP: 31/66 MP: 10/10
  8574 | D:4      | Killed bli's ghost
  9366 | D:8      | Reached skill level 1 in Evocations
 10803 | D:8      | HP: 1/106 [yak (10)]
 11190 | D:9      | Found a runed translucent gate.
 11190 | D:9      | Found a runed translucent gate.
 11191 | D:9      | Found a runed translucent gate.
 11191 | D:9      | Noticed a purple ugly thing
 11191 | D:9      | Noticed a white ugly thing
 11191 | D:9      | Noticed a white ugly thing
 11192 | D:9      | Noticed a white very ugly thing
 11878 | D:9      | Reached XP level 11. HP: 75/75 MP: 14/14
 12313 | D:9      | Found a staircase to the Lair.
 12491 | D:9      | Found a stormy altar of Qazlal.
 12550 | D:9      | Gained mutation: You tend to lose your temper in combat.
                  | [potion of mutation]
 12550 | D:9      | Gained mutation: Your magical capacity is low. (-10% MP)
                  | [potion of mutation]
 12550 | D:9      | Gained mutation: Potions are less effective at restoring
                  | your health. [potion of mutation]
 12550 | D:9      | Gained mutation: You expend magic power (3 MP) to
                  | strengthen your wands. [potion of mutation]
 12561 | D:9      | Found a snail-covered altar of Cheibriados.
 12580 | D:9      | Became a worshipper of Cheibriados the Contemplative
 12580 | D:9      | Reached * piety under Cheibriados
 12580 | D:9      | Reached ** piety under Cheibriados
 12652 | D:9      | Reached skill level 1 in Invocations
 13232 | Lair:1   | Entered Level 1 of the Lair of Beasts
 13861 | Lair:1   | Reached skill level 10 in Maces & Flails
 14230 | Lair:1   | Found a runed translucent gate.
 14230 | Lair:1   | Found a runed translucent gate.
 14230 | Lair:1   | Found a runed translucent gate.
 14234 | Lair:1   | Noticed confidenceinterval's ghost (journeyman HOFi)
 14236 | Lair:1   | Found a viscous altar of Jiyva.
 14245 | Lair:1   | Noticed a seven-headed hydra
 14318 | D:10     | Entered Level 10 of the Dungeon
 14449 | D:10     | Reached *** piety under Cheibriados
 14700 | D:10     | Reached skill level 5 in Invocations
 14749 | D:10     | Noticed Urug
 14767 | D:10     | Killed Urug
 15173 | D:10     | Found a runed translucent door.
 15173 | D:10     | Noticed kal9871's ghost (journeyman OgFE)
 15299 | D:11     | Noticed a cyclops
 15311 | D:11     | Killed a cyclops
 15321 | D:11     | Noticed a cyclops
 15711 | D:11     | Noticed a centaur warrior
 15848 | D:11     | Shot with an arrow by a centaur

Levels and vault maps discovered:
D:1:      sevenhm_arrival_forest_fort_large_2, layout_loops_ring,
          palyth_stone_intersect
D:2:      layout_loops_ring, nicolae_overflow_crystal_walls,
          gammafunk_temple_overflow_claw
D:3:      layout_loops_ring, grunt_temple_overflow_opulence,
          portal_sewer_entry_d, first_ration, uniq_jessica, uniq_sigmund,
          uniq_crazy_yiuf_cottage
D:4:      layout_gridville, yredelemnul_altar_generic, ebering_ghost_gozag
D:5:      layout_loops_ring, kennysheep_little_box, lemuel_round_altar,
          minmay_crystal_room, chequers_serial_rivers_micro_e,
          kennysheep_path_1, minmay_manual_maat, uniq_grinder
D:6:      layout_loops_ring, tso_metal_star, minmay_temple_entry_hall
D:7:      minmay_the_grid_square_5x5_3x3 [minmay_the_grid_square_5x5_one_wall,
          minmay_the_grid_square_5x5_forky, minmay_the_grid_square_5x5_minimal,
          minmay_the_grid_square_5x5_misaligned,
          minmay_the_grid_square_5x5_megaprize_hollow,
          minmay_the_grid_square_5x5_n, minmay_the_grid_square_5x5_two_small,
          minmay_the_grid_square_5x5_inner_v,
          minmay_the_grid_square_5x5_gyroscope], layout_loops_ring, basic_altar,
          serial_shops, nicolae_shop_waterfront
D:8:      layout_basic
D:9:      layout_irregular_city, nicolae_qazlal_style_of_elements,
          kennysheep_mini, due_lair_maze_entry_diamond,
          ploomutoo_gammafunk_ghost_potion_laboratory
D:10:     layout_small_grid, gammafunk_ghost_grave, uniq_urug
D:11:     layout_cross, david_orc_2, basic_altar, hangedman_fish_farm
Temple:   jpeg_temple_alley_garden
Lair:1:   layout_loops_ring, gammafunk_ghost_ooze, st_stairs_13,
          lemuel_fruit_tree
Sewer:    sewer_co_tree

Skill      XL: |  1  2  3  4  5  6  7  8  9 10 11 |
---------------+----------------------------------+-----
Shields        | 1 2 3 4 6 8 9 |  9.3
Maces & Flails | 4 5 7 9 10 | 10.7
Stealth        | 4 5 |  5.8
Fighting       | 4 5 7 |  7.8
Dodging        | 4 5 6 7 |  7.1
Evocations     | 4 |  4.9
Invocations    | 6 |  6.1

Action                   |  1- 3 |  4- 6 |  7- 9 | 10-12 || total
-------------------------+-------+-------+-------+-------++-------
Melee: Mace              |    57 |    26 |       |       ||    83
       Constrict         |    14 |    26 |    72 |    62 ||   174
       Tentacles         |     8 |    29 |    78 |   146 ||   261
       Flail             |       |   102 |   352 |   473 ||   927
Throw: Javelin           |       |       |       |     7 ||     7
Invok: Bend Time         |       |       |       |     3 ||     3
Evoke: Wand              |       |     4 |     4 |    12 ||    20
  Use: Scroll            |     4 |     2 |    12 |    11 ||    29
       Potion            |       |     4 |    10 |     4 ||    18
 Stab: Sleeping          |    13 |     9 |    28 |    17 ||    67
       Distracted        |     1 |       |       |     1 ||     2
  Eat: Chunk             |       |     5 |    18 |     8 ||    31
       Ration            |       |       |       |     5 ||     5
Armor: Skin              |     3 |     6 |    21 |    24 ||    54
Dodge: Dodged            |    24 |   107 |   209 |   191 ||   531
Block: Buckler           |     3 |    18 |   108 |       ||   129
       Shield            |       |       |    25 |   356 ||   381
       Reflection        |       |       |       |    23 ||    23

Table legend:
 A = Non-vault XP
 B = Vault XP
 C = Vault XP percentage of total XP
 D = Non-vault monster count
 E = Vault monster count
 F = Vault count percentage of total count
                 A         B        C        D         E       F
            +---------+---------+-------+---------+---------+-------
      Total |   13768 |    3757 |  21.4 |     292 |      53 |  15.4
            +---------+---------+-------+---------+---------+-------
        D:1 |      42 |       0 |   0.0 |      22 |       0 |   0.0
        D:2 |     160 |       0 |   0.0 |      33 |       0 |   0.0
        D:3 |     217 |     298 |  57.9 |      24 |       4 |  14.3
        D:4 |     158 |     299 |  65.4 |       9 |       1 |  10.0
        D:5 |     834 |     554 |  39.9 |      34 |       5 |  12.8
        D:6 |     614 |       0 |   0.0 |      18 |       0 |   0.0
        D:7 |    1018 |     442 |  30.3 |      27 |       6 |  18.2
        D:8 |    3950 |     288 |   6.8 |      56 |       2 |   3.4
        D:9 |    2133 |     758 |  26.2 |      29 |       6 |  17.1
       D:10 |    1132 |     800 |  41.4 |      18 |       1 |   5.3
       D:11 |     947 |       0 |   0.0 |      10 |       0 |   0.0
     Lair:1 |    2563 |       0 |   0.0 |      12 |       0 |   0.0
      Sewer |       0 |     318 | 100.0 |       0 |      28 | 100.0
            +---------+---------+-------+---------+---------+-------
